ESL (28 & UNDER)
PENQUANNOCK OVERRATED JETER @ MINNESOTA MANBEARPIGS
08/25/2030
 
TOP OF THE 1ST
Penquannock Overrated Jeter batting - Pitching for Minnesota ManBearPigs : RHP Ryan Allen
Pitching: RHP Ryan Allen
Batting: SHB Martin Goodwin 0-0: Ball
1-0: Called Strike
1-1: Foul Ball, location: 2F
1-2: Foul Ball, location: 2F
1-2: Foul Ball, location: 2F
1-2: Ball
2-2: SINGLE (Line Drive, 89S)
Batting: LHB Francisco Medina 0-0: Ball
1-0: Called Strike
1-1: Foul Ball, location: 2F
1-2: Ball
2-2: Strikes out swinging
Batting: RHB Gary Wyatt 0-0: Ball
1-0: Called Strike
1-1: Called Strike
1-2: Foul Ball, location: 2F
1-2: Ball
2-2: Ball
3-2: Strikes out swinging
Batting: LHB Félix Costa 0-0: Foul Ball, location: 2F
0-1: Ball
1-1: Foul Ball, location: 2F
1-2: Foul Ball, location: 2F
1-2: Ball
2-2: SINGLE (Groundball, 4MD)
Martin Goodwin to second
Batting: SHB Cristián López 0-0: Ball
1-0: Called Strike
1-1: Swinging Strike
1-2: Ground out 1-3 (Groundball, 13S)
Top of the 1st over - 0 runs, 2 hits, 0 errors, 2 left on base; Penquannock 0 - Minnesota 0
BOTTOM OF THE 1ST
Minnesota ManBearPigs batting - Pitching for Penquannock Overrated Jeter : RHP Dave Funk
Pitching: RHP Dave Funk
Batting: RHB Carlos López 0-0: Called Strike
0-1: Ball
1-1: Called Strike
1-2: Ground out 4-3 (Groundball, 4)
Batting: SHB Juan Carlos González 0-0: Foul Ball, location: 2F
0-1: Foul Ball, location: 2F
0-2: Ball
1-2: Strikes out swinging
Batting: LHB Pedro Escobar 0-0: DOUBLE (Line Drive, 9D)
Batting: RHB Jeffrey Hicks 0-0: Ball
1-0: 2-RUN HOME RUN (Flyball, 7D), Distance : 386 ft
Batting: RHB Jaime Hernández 0-0: Called Strike
0-1: SINGLE (Line Drive, 5)
Batting: RHB James Hunter 0-0: Ball
1-0: Foul Ball, location: 2F
1-1: Ball
2-1: Foul Ball, location: 2F
2-2: Foul Ball, location: 2F
2-2: 2-RUN HOME RUN (Flyball, 78XD), Distance : 416 ft
Batting: RHB Gustavo Medine 0-0: Foul Ball, location: 2F
0-1: Swinging Strike
0-2: Fly out, F8 (Flyball, 8RS)
Bottom of the 1st over - 4 runs, 4 hits, 0 errors, 0 left on base; Penquannock 0 - Minnesota 4
TOP OF THE 2ND
Penquannock Overrated Jeter batting - Pitching for Minnesota ManBearPigs : RHP Ryan Allen
Batting: RHB Manny Perea 0-0: Called Strike
0-1: Ball
1-1: Ball
2-1: Foul Ball, location: 2F
2-2: TRIPLE (Line Drive, 78XD)
Batting: LHB José Morales 0-0: Ball
1-0: Called Strike
1-1: SINGLE (Line Drive, 56D)
Manny Perea scores
Batting: RHB Bobby Hendricks 0-0: Called Strike
0-1: DOUBLE (Line Drive, 7LM)
José Morales to third
Batting: RHB Phil Wright 0-0: SINGLE (Groundball, 4MD)
José Morales scores
Bobby Hendricks to third
Batting: SHB Martin Goodwin 0-0: Ball
Phil Wright steals 2nd base
1-0: Called Strike
1-1: Ball
2-1: Called Strike
2-2: Foul Ball, location: 2F
2-2: Fly out, F9 (Flyball, 89S)
Batting: LHB Francisco Medina 0-0: Ground out U3 (Groundball, 3)
Batting: RHB Gary Wyatt 0-0: Ball
1-0: Ball
2-0: Foul Ball, location: 2F
2-1: Ball
3-1: Base on Balls
Batting: LHB Félix Costa 0-0: Called Strike
0-1: Ball
1-1: Called Strike
1-2: Ball
2-2: Ground out 3-1 (Groundball, 34S)
Top of the 2nd over - 2 runs, 4 hits, 0 errors, 3 left on base; Penquannock 2 - Minnesota 4
BOTTOM OF THE 2ND
Minnesota ManBearPigs batting - Pitching for Penquannock Overrated Jeter : RHP Dave Funk
Batting: SHB Darrel Lang 0-0: Called Strike
0-1: Called Strike
0-2: Ball
1-2: Strikes out swinging
Batting: RHB Juan Trujillo 0-0: Ground out 6-3 (Groundball, 6)
Batting: RHB Carlos López 0-0: Ground out 4-3 (Groundball, 4M)
Bottom of the 2nd over - 0 runs, 0 hits, 0 errors, 0 left on base; Penquannock 2 - Minnesota 4
TOP OF THE 3RD
Penquannock Overrated Jeter batting - Pitching for Minnesota ManBearPigs : RHP Ryan Allen
Batting: SHB Cristián López 0-0: Called Strike
0-1: Ball
1-1: Ground out 4-3 (Groundball, 4)
Batting: RHB Manny Perea 0-0: Called Strike
0-1: Ball
1-1: Called Strike
1-2: Ball
2-2: Strikes out swinging
Batting: LHB José Morales 0-0: Called Strike
0-1: Ball
1-1: Ball
2-1: Ball
3-1: Foul Ball, location: 2F
3-2: Base on Balls
Batting: RHB Bobby Hendricks 0-0: Ball
1-0: Ball
2-0: Ball
3-0: Base on Balls
José Morales to second
Batting: RHB Phil Wright 0-0: Foul Ball, location: 2F
0-1: SINGLE (Groundball, 6D)
José Morales to third
Bobby Hendricks to second
Runner from 3rd tries for Home, SAFE, throw made home
Batting: SHB Martin Goodwin 0-0: Ball
1-0: Fly out, F9 (Flyball, 9S)
Top of the 3rd over - 1 run, 1 hit, 0 errors, 2 left on base; Penquannock 3 - Minnesota 4
BOTTOM OF THE 3RD
Minnesota ManBearPigs batting - Pitching for Penquannock Overrated Jeter : RHP Dave Funk
Batting: SHB Juan Carlos González 0-0: Ball
1-0: Foul Ball, location: 2F
1-1: Ball
2-1: Ball
3-1: Called Strike
3-2: Base on Balls
Batting: LHB Pedro Escobar 0-0: Ball
1-0: Ball
2-0: Ball
3-0: Called Strike
3-1: Foul Ball, location: 2F
3-2: Base on Balls
Juan Carlos González to second
Batting: RHB Jeffrey Hicks 0-0: Called Strike
0-1: SINGLE (Line Drive, 4MD)
Juan Carlos González to third
Pedro Escobar to second
Batting: RHB Jaime Hernández 0-0: Ball
1-0: DOUBLE (Flyball, 7D)
Juan Carlos González scores
Pedro Escobar scores
Jeffrey Hicks to third
Batting: RHB James Hunter 0-0: Called Strike
0-1: Ball
1-1: Foul Ball, location: 2F
1-2: Ball
2-2: Ball
3-2: Base on Balls
Batting: RHB Gustavo Medine 0-0: Ball
1-0: Ball
2-0: Ball
3-0: Called Strike
3-1: SINGLE (Line Drive, 34D)
Jeffrey Hicks scores
Jaime Hernández to third
James Hunter to second
Batting: SHB Darrel Lang 0-0: Ball
1-0: Ball
2-0: Called Strike
2-1: SINGLE (Groundball, 4D)
Jaime Hernández scores
James Hunter to third
Gustavo Medine to second
Pitching: RHP Gilbert Bright
Batting: RHB Juan Trujillo 0-0: Ball
1-0: Foul Ball, location: 2F
1-1: Swinging Strike
1-2: Ball
2-2: Foul Ball, location: 2F
2-2: Strikes out swinging
Batting: RHB Carlos López 0-0: Ball
1-0: Ball
2-0: Ball
3-0: Base on Balls
James Hunter scores
Gustavo Medine to third
Darrel Lang to second
Batting: SHB Juan Carlos González 0-0: Ball
1-0: Ball
2-0: Grounds into double play, 4-6-3 (Groundball, 4)
Bottom of the 3rd over - 5 runs, 4 hits, 0 errors, 2 left on base; Penquannock 3 - Minnesota 9
TOP OF THE 4TH
Penquannock Overrated Jeter batting - Pitching for Minnesota ManBearPigs : RHP Ryan Allen
Batting: LHB Francisco Medina 0-0: Ball
1-0: Fly out, F8 (Flyball, 8LM)
Batting: RHB Gary Wyatt 0-0: Ball
1-0: Ball
2-0: Called Strike
2-1: Called Strike
2-2: Foul Ball, location: 2F
2-2: Foul Ball, location: 2F
2-2: Ball
3-2: Foul Ball, location: 2F
3-2: Ground out 5-3 (Groundball, 56)
Batting: LHB Félix Costa 0-0: SINGLE (Line Drive, 89M)
Batting: SHB Cristián López 0-0: Foul Ball, location: 2F
0-1: Foul Ball, location: 2F
0-2: Ball
1-2: Strikes out looking
Top of the 4th over - 0 runs, 1 hit, 0 errors, 1 left on base; Penquannock 3 - Minnesota 9
BOTTOM OF THE 4TH
Minnesota ManBearPigs batting - Pitching for Penquannock Overrated Jeter : RHP Gilbert Bright
Batting: LHB Pedro Escobar 0-0: Ball
1-0: Called Strike
1-1: Ball
2-1: Foul Ball, location: 2F
2-2: Ball
3-2: Fly out, F4 (Line Drive, 4)
Batting: RHB Jeffrey Hicks 0-0: Ball
1-0: Ground out 5-3 (Groundball, 56)
Batting: RHB Jaime Hernández 0-0: Called Strike
0-1: Foul Ball, location: 2F
0-2: Foul Ball, location: 2F
0-2: SINGLE (Flyball, 89M)
Batting: RHB James Hunter 0-0: Swinging Strike
0-1: Swinging Strike
0-2: Ball
1-2: Fielders Choice at 2nd, 6-4 (Groundball, 6)
Bottom of the 4th over - 0 runs, 1 hit, 0 errors, 1 left on base; Penquannock 3 - Minnesota 9
TOP OF THE 5TH
Penquannock Overrated Jeter batting - Pitching for Minnesota ManBearPigs : RHP Ryan Allen
Batting: RHB Manny Perea 0-0: Ball
1-0: Called Strike
1-1: Ball
2-1: Ball
3-1: Swinging Strike
3-2: Fly out, F6 (Line Drive, 6)
Batting: LHB José Morales 0-0: SINGLE (Groundball, 4MD)
Pitching: RHP Gabriel McDaniel
Batting: RHB Bobby Hendricks 0-0: Fly out, F7 (Flyball, 7D)
Batting: RHB Phil Wright 0-0: SINGLE (Groundball, 6D)
José Morales to second
Batting: SHB Martin Goodwin 0-0: Called Strike
0-1: Ground out 4-3 (Groundball, 4)
Top of the 5th over - 0 runs, 2 hits, 0 errors, 2 left on base; Penquannock 3 - Minnesota 9
BOTTOM OF THE 5TH
Minnesota ManBearPigs batting - Pitching for Penquannock Overrated Jeter : RHP Gilbert Bright
Batting: RHB Gustavo Medine 0-0: Called Strike
0-1: Ball
1-1: Called Strike
1-2: Ball
2-2: Ball
3-2: Fly out, F8 (Flyball, 78M)
Batting: SHB Darrel Lang 0-0: Ball
1-0: Foul Ball, location: 2F
1-1: Called Strike
1-2: Ball
2-2: Fly out, F6 (Line Drive, 56D)
Batting: RHB Juan Trujillo 0-0: Ball
1-0: Called Strike
1-1: Swinging Strike
1-2: Ground out 5-3 (Groundball, 5)
Bottom of the 5th over - 0 runs, 0 hits, 0 errors, 0 left on base; Penquannock 3 - Minnesota 9
TOP OF THE 6TH
Penquannock Overrated Jeter batting - Pitching for Minnesota ManBearPigs : RHP Gabriel McDaniel
Batting: LHB Francisco Medina 0-0: Ball
1-0: Ball
2-0: Called Strike
2-1: Ball
3-1: Base on Balls
Batting: RHB Gary Wyatt 0-0: Swinging Strike
0-1: Ball
1-1: Called Strike
1-2: Ball
2-2: SINGLE (Line Drive, 6D)
Francisco Medina to second
Batting: LHB Félix Costa 0-0: Called Strike
0-1: Ball
1-1: Fly out, F9 (Line Drive, 9)
Batting: SHB Cristián López 0-0: Ball
1-0: Ball
2-0: SINGLE (Line Drive, 6M)
Francisco Medina to third
Gary Wyatt to second
Runner from 3rd tries for Home, SAFE, throw made home
Batting: RHB Manny Perea 0-0: Fly out, F7 (Line Drive, 7D)
Runner from 2nd tags up, SAFE at 3rd, no throw
Batting: LHB José Morales 0-0: Ball
1-0: Ball
2-0: Called Strike
2-1: Swinging Strike
2-2: Ball
3-2: Foul Ball, location: 2F
3-2: SINGLE (Groundball, 34D)
Gary Wyatt scores
Cristián López to second
Cristián López to third
Pitching: RHP Danny Johnston
Batting: RHB Bobby Hendricks 0-0: Foul Ball, location: 2F
0-1: Ball
1-1: Ball
2-1: Ball
3-1: Foul Ball, location: 2F
3-2: Base on Balls
José Morales to second
Batting: RHB Phil Wright 0-0: Foul Ball, location: 2F
0-1: Called Strike
0-2: Strikes out swinging
Top of the 6th over - 2 runs, 3 hits, 0 errors, 3 left on base; Penquannock 5 - Minnesota 9
BOTTOM OF THE 6TH
Minnesota ManBearPigs batting - Pitching for Penquannock Overrated Jeter : RHP Gilbert Bright
Batting: RHB Carlos López 0-0: SINGLE (Flyball, 9S)
Batting: SHB Juan Carlos González 0-0: SINGLE (Line Drive, 34)
Carlos López to second
Batting: LHB Pedro Escobar 0-0: Called Strike
0-1: Called Strike
0-2: Strikes out swinging
Batting: RHB Jeffrey Hicks 0-0: Ball
1-0: Ball
2-0: Ball
3-0: Base on Balls
Carlos López to third
Juan Carlos González to second
Batting: RHB Jaime Hernández 0-0: Called Strike
0-1: Ball
1-1: Ball
2-1: Ball
3-1: Base on Balls
Carlos López scores
Juan Carlos González to third
Jeffrey Hicks to second
Batting: RHB James Hunter 0-0: Foul Ball, location: 2F
0-1: Called Strike
0-2: Ball
1-2: Foul Ball, location: 2F
1-2: Foul Ball, location: 2F
1-2: Ball
2-2: Foul Ball, location: 2F
2-2: SINGLE (Groundball, 6MD)
Juan Carlos González scores
Jeffrey Hicks to third
Jaime Hernández to second
Runner from 3rd tries for Home, SAFE, throw made home
Batting: RHB Gustavo Medine 0-0: Called Strike
0-1: Foul Ball, location: 2F
0-2: Foul Ball, location: 2F
0-2: Foul Ball, location: 2F
0-2: Grounds into double play, 3-6-3 (Groundball, 3)
Bottom of the 6th over - 3 runs, 3 hits, 0 errors, 1 left on base; Penquannock 5 - Minnesota 12
TOP OF THE 7TH
Penquannock Overrated Jeter batting - Pitching for Minnesota ManBearPigs : RHP Danny Johnston
Now at C: Nicoli Turina
Now in RF: Carlos Luna
Batting: SHB Martin Goodwin 0-0: Foul Ball, location: 2F
0-1: Called Strike
0-2: Ball
1-2: Strikes out swinging
Batting: LHB Francisco Medina 0-0: Called Strike
0-1: Called Strike
0-2: SINGLE (Groundball, 4MD)
Batting: RHB Gary Wyatt 0-0: Called Strike
0-1: Foul Ball, location: 2F
0-2: Strikes out looking
Batting: LHB Félix Costa 0-0: Ground out 6-3 (Groundball, 6M)
Top of the 7th over - 0 runs, 1 hit, 0 errors, 1 left on base; Penquannock 5 - Minnesota 12
BOTTOM OF THE 7TH
Minnesota ManBearPigs batting - Pitching for Penquannock Overrated Jeter : RHP Gilbert Bright
Batting: SHB Darrel Lang 0-0: Called Strike
0-1: Ball
1-1: Ground out 5-3 (Groundball, 56)
Batting: RHB Juan Trujillo 0-0: Called Strike
0-1: SINGLE (Groundball, 6MD)
Batting: RHB Carlos López 0-0: Called Strike
Juan Trujillo steals 2nd base
0-1: Foul Ball, location: 2F
0-2: Ball
1-2: Ball
2-2: Strikes out looking
Pitching: LHP Brian Hodges
Batting: SHB Juan Carlos González 0-0: Swinging Strike
0-1: Ball
1-1: Swinging Strike
1-2: Ground out 6-3 (Groundball, 6)
Bottom of the 7th over - 0 runs, 1 hit, 0 errors, 1 left on base; Penquannock 5 - Minnesota 12
TOP OF THE 8TH
Penquannock Overrated Jeter batting - Pitching for Minnesota ManBearPigs : RHP Danny Johnston
Now at 2B: Martín Pérez
Batting: SHB Cristián López 0-0: Ball
1-0: Swinging Strike
1-1: Ball
2-1: Foul Ball, location: 2F
2-2: Foul Ball, location: 2F
2-2: Hit by Pitch
Batting: RHB Manny Perea 0-0: Ball
1-0: Ball
2-0: Ball
3-0: Base on Balls
Cristián López to second
Batting: LHB José Morales 0-0: Foul Ball, location: 2F
0-1: Fielders Choice at 2nd, 3-6 (Groundball, 34)
Cristián López to third
Batting: RHB Bobby Hendricks 0-0: Ball
1-0: Ball
2-0: Called Strike
2-1: Swinging Strike
2-2: Grounds into double play, 4-6-3 (Groundball, 4)
Top of the 8th over - 0 runs, 0 hits, 0 errors, 1 left on base; Penquannock 5 - Minnesota 12
BOTTOM OF THE 8TH
Minnesota ManBearPigs batting - Pitching for Penquannock Overrated Jeter : LHP Brian Hodges
Batting: LHB Pedro Escobar 0-0: Ball
1-0: Ball
2-0: Foul Ball, location: 2F
2-1: Ball
3-1: Base on Balls
Batting: RHB Jeffrey Hicks 0-0: Called Strike
0-1: Foul Ball, location: 2F
0-2: Foul Ball, location: 2F
0-2: Strikes out swinging
Batting: RHB Carlos Luna 0-0: Called Strike
0-1: Foul Ball, location: 2F
0-2: Grounds into double play, 6-4-3 (Groundball, 6)
Bottom of the 8th over - 0 runs, 0 hits, 0 errors, 0 left on base; Penquannock 5 - Minnesota 12
TOP OF THE 9TH
Penquannock Overrated Jeter batting - Pitching for Minnesota ManBearPigs : RHP Danny Johnston
Batting: RHB Phil Wright 0-0: Ball
1-0: SOLO HOME RUN (Flyball, 9LD), Distance : 345 ft
Batting: SHB Martin Goodwin 0-0: Ball
1-0: Ground out 4-3 (Groundball, 4S)
Batting: LHB Francisco Medina 0-0: Ball
1-0: Foul Ball, location: 2F
1-1: Foul Ball, location: 2F
1-2: Ball
2-2: Foul Ball, location: 2F
2-2: Ball
3-2: Base on Balls
Batting: RHB Gary Wyatt 0-0: Ball
1-0: Ball
2-0: Called Strike
2-1: Called Strike
2-2: Strikes out swinging
Batting: LHB Félix Costa 0-0: Ball
1-0: Ball
2-0: Called Strike
2-1: Foul Ball, location: 2F
2-2: Ball
3-2: Fly out, F6 (Popup, 6M)
Top of the 9th over - 1 run, 1 hit, 0 errors, 1 left on base; Penquannock 6 - Minnesota 12
Saturday, April 7th, 2018 - OOTP Baseball 18.8 Build 76